 Dungeon Sprint DCSS version 0.30.1-9-gdf580d7c3d (webtiles) character file.

Game seed: 13367192398146947451

10393 Heoruswealwe the Phalangite (level 11, -2/117 HPs)
             Began as a Minotaur Fighter on Oct 21, 2023.
             Was an Initiate of Gozag.
             Slain by an orc warrior
             ... wielding a +0 mace
              (5 damage)
             ... in the Dungeon (Sprint IX: "|||||||||||||||||||||||||||||").
             The game lasted 00:10:37 (968 turns).

Heoruswealwe the Phalangite (Minotaur Fighter)       Turns: 968, Time: 00:10:38

Health: -2/117     AC: 22    Str: 26    XL:     11   Next: 35%
Magic:  10/10      EV:  9    Int:  5    God:    Gozag
Gold:   3491       SH:  0    Dex:  9    Spells: 10/10 levels left

rFire   . . .        b - +2 halberd (distort)
rCold   . . .        (shield currently unavailable)
rNeg    . . .        c - +1 chain mail
rPois   .            (helmet restricted)
rElec   .            (no cloak)
rCorr   .            f - +0 pair of gloves
SInv    .            e - +0 pair of boots
Will    .....        (no amulet) Stlth
                     k - +2 ring of protection
HPRegen 0.39/turn    j - +2 ring of protection
MPRegen 0.12/turn

%: no teleportation
@: gold aura
A: horns 2, retaliatory headbutt
a: Renounce Religion, Potion Petition, Call Merchant, Bribe Branch


You were in the Dungeon.
You worshipped Gozag.
Gozag was most pleased with you.
You visited 1 branch You collected 3491 gold pieces.

Inventory:

Hand Weapons
 a - a +0 trident
 b - a +2 halberd of distortion (weapon)
Armour
 c - a +1 chain mail (worn)
 d - a +0 buckler
 e - a +0 pair of boots (worn)
 f - a +0 pair of gloves (worn)
Jewellery
 j - a +2 ring of protection (right hand)
 k - a +2 ring of protection (left hand)
Wands
 h - a wand of iceblast (10)
Scrolls
 o - 2 scrolls of blinking
 q - 3 scrolls of enchant weapon
 r - 2 scrolls of enchant armour
 s - a scroll of identify
Potions
 g - a potion of haste
 i - 2 potions of berserk rage
 l - 9 potions of heal wounds
 m - 6 potions of curing
 n - a potion of might
 p - a potion of resistance


   Skills:
 + Level 17.2 Fighting
 * Level 23.1 Polearms
 + Level 17.2 Armour
 - Level 3.6 Shields


You had 10 spell levels left.
You didn't know any spells.
Your spell library contained the following spells:

 Spells                   Type           Power      Damage    Failure   Level
 Ensorcelled Hibernation  Hex/Ice        0%         N/A       93%         2
 Spider Form              Tmut/Pois      0%         N/A       99%         3
 Anguish                  Hex/Necr       0%         N/A       100%        4


Dungeon Overview and Level Annotations

Branches:
Dungeon (1/1)

Altars:
Cheibriados
Dithmenos
Elyvilon
Fedhas
Gozag
Hepliaklqana
Kikubaaqudgha
Makhleb
Nemelex Xobeh
Okawaru
Qazlal
Ru
Sif Muna
Trog
Uskayaw
Vehumet
Wu Jian
Xom
Yredelemnul
Zin
The Shining One
Jiyva
Lugonu


Innate Abilities, Weirdness & Mutations

You have a pair of horns on your head.
You reflexively headbutt those who attack you in melee.


Message History

You kill the orc warrior!
Your Polearms skill increases to level 23!
An orc warrior comes into view. It is wielding a +0 glaive.
The orc warrior shouts!
The orc warrior is distracted by your dazzling golden aura.
Things that are here:
131 gold pieces; a +0 glaive; a +0 chain mail You slice the orc warrior!!
The orc warrior is no longer distracted by gold.
The orc warrior is severely wounded.
The orc warrior blinks!
The orc warrior hits you with a +0 war axe.
* * * LOW HITPOINT WARNING * * *
You impale the orc warrior!!
You kill the orc warrior!
The orc warrior no longer looks unusually strong.
The orc warrior is distracted by your dazzling golden aura.
The orc warrior shouts!
You hit the orc warrior. You headbutt the orc warrior!
The orc warrior is moderately wounded.
You slash the orc warrior!
Space warps horribly around the orc warrior!
You kill the orc warrior!
The orc warrior is no longer distracted by gold.
An orc knight comes into view. It is wielding a +0 war axe.
The orc knight shouts!
The orc no longer looks unusually strong.
The orc warrior is distracted by your dazzling golden aura.
The orc warrior hits you with a +0 mace!!
* * * LOW HITPOINT WARNING * * *
The orc warrior shouts!
Items here: $ ))) [[.
You hit the orc warrior but do no damage.
Space warps around the orc warrior.
The orc warrior is lightly wounded.
The orc warrior no longer looks unusually strong.
An orc high priest comes into view. It is wielding a +0 scimitar.
The orc warrior hits you with a +0 mace.
You die...
Your body crumbles into a pile of gold.

▓_▓.▓.▓.▓$
▓_▓.▓.▓.▓o▓
▓_▓.▓.▓.▓o▓
▓_▓.▓.▓.▓o▓
▓_▓.▓.▓.▓o▓
▓_▓.▓.▓.▓o▓
▓_▓.▓'▓.▓o▓
▓_▓.▓.▓.▓o▓
▓_▓.▓.▓.▓@▓
▓_▓.▓.▓.▓$▓
▓_▓.▓.▓.▓$▓
▓_▓.▓.▓.▓.▓
▓_▓.▓.▓.▓.▓
▓_▓.▓.▓.▓)▓
▓_▓.▓.▓.▓.▓
▓_▓.▓.▓.▓.▓
▓_▓.▓'▓.▓$▓


You could see an orc knight, an orc high priest (wandering), 4 orc warriors and
an orc.

Vanquished Creatures
  A hydra (D)
  A centaur warrior (D)
  A two-headed ogre (D)
  A death yak (D)
  2 orc knights (D)
  A cyclops (D)
  An elephant (D)
  2 cane toads (D)
  2 komodo dragons (D)
  A tengu conjurer (D)
  5 polar bears (D)
  2 blink frogs (D)
  2 yaks (D)
  A wyvern (D)
  2 water moccasins (D)
  6 orc warriors (D)
  3 black bears (D)
  A centaur (D)
  A bullfrog (D)
  A wight (D)
  A scorpion (D)
  A howler monkey (D)
  A hound (D)
  2 orc priests (D)
  A gnoll bouda (D)
  5 orc wizards (D)
  A white imp (D)
  A worm (D)
  7 orcs (D)
  2 endoplasms (D)
  A giant cockroach (D)
  A kobold (D)
  A rat (D)
62 creatures vanquished.

Notes
Turn   | Place    | Note
-------+----------+-------------------------------------------
     0 | D        | Heoruswealwe the Minotaur Fighter began the quest for the
                  | Orb.
     0 | D        | Reached XP level 1. HP: 19/19 MP: 0/0
     8 | D        | Reached skill level 3 in Polearms
    27 | D        | Noticed a scorpion
    27 | D        | Noticed a hound
    27 | D        | Noticed a howler monkey
    31 | D        | Reached skill level 4 in Polearms
    31 | D        | Reached XP level 2. HP: 28/28 MP: 1/1
    34 | D        | Killed a howler monkey
    35 | D        | Reached skill level 5 in Fighting
    35 | D        | Reached skill level 6 in Polearms
    35 | D        | Reached skill level 5 in Armour
    35 | D        | Reached XP level 3. HP: 33/36 MP: 2/2
    47 | D        | Reached skill level 7 in Polearms
    47 | D        | Reached XP level 4. HP: 38/44 MP: 3/3
    55 | D        | Killed a scorpion
    56 | D        | Reached skill level 8 in Polearms
    56 | D        | Reached XP level 5. HP: 48/52 MP: 4/4
    62 | D        | Found a snail-covered altar of Cheibriados.
    62 | D        | Found a shadowy altar of Dithmenos.
    62 | D        | Found a white marble altar of Elyvilon.
    62 | D        | Found a blossoming altar of Fedhas.
    62 | D        | Found an opulent altar of Gozag.
    63 | D        | Found a hazy altar of Hepliaklqana.
    64 | D        | Found a viscous altar of Jiyva.
    65 | D        | Found an ancient bone altar of Kikubaaqudgha.
    66 | D        | Found a corrupted altar of Lugonu.
    67 | D        | Found a burning altar of Makhleb.
    68 | D        | Found a sparkling altar of Nemelex Xobeh.
    69 | D        | Found an iron altar of Okawaru.
    70 | D        | Became a worshipper of Gozag Ym Sagoz the Greedy
    71 | D        | Found a stormy altar of Qazlal.
    72 | D        | Found a sacrificial altar of Ru.
    73 | D        | Found a shimmering blue altar of Sif Muna.
    74 | D        | Found a bloodstained altar of Trog.
    75 | D        | Found a hide-covered altar of Uskayaw.
    76 | D        | Found a radiant altar of Vehumet.
    77 | D        | Found an ornate altar of the Wu Jian Council.
    78 | D        | Found a shimmering altar of Xom.
    79 | D        | Found a basalt altar of Yredelemnul.
    80 | D        | Found a glowing silver altar of Zin.
    81 | D        | Found a glowing golden altar of the Shining One.
   138 | D        | Noticed an orc warrior
   138 | D        | Noticed a two-headed ogre
   143 | D        | Reached skill level 9 in Polearms
   149 | D        | Killed a two-headed ogre
   150 | D        | Reached skill level 10 in Fighting
   150 | D        | Reached skill level 13 in Polearms
   150 | D        | Reached skill level 10 in Armour
   150 | D        | Reached XP level 6. HP: 61/67 MP: 5/5
   150 | D        | Reached XP level 7. HP: 66/73 MP: 6/6
   155 | D        | Reached skill level 14 in Polearms
   177 | D        | Noticed a tengu conjurer
   177 | D        | Noticed a centaur warrior
   177 | D        | Noticed a centaur warrior
   177 | D        | Noticed a cyclops
   182 | D        | Killed a cyclops
   183 | D        | Reached skill level 15 in Polearms
   183 | D        | Reached XP level 8. HP: 82/82 MP: 7/7
   187 | D        | Killed a centaur warrior
   188 | D        | Reached skill level 16 in Polearms
   191 | D        | Killed a tengu conjurer
   192 | D        | Reached skill level 17 in Polearms
   192 | D        | Reached XP level 9. HP: 79/92 MP: 8/8
   193 | D        | Banished a centaur warrior
   194 | D        | Reached skill level 18 in Polearms
   347 | D        | Noticed a komodo dragon
   347 | D        | Noticed an elephant
   347 | D        | Noticed a cane toad
   347 | D        | Noticed a komodo dragon
   349 | D        | Banished a komodo dragon
   355 | D        | Killed a cane toad
   361 | D        | Noticed a death yak
   362 | D        | Killed an elephant
   363 | D        | Reached skill level 19 in Polearms
   365 | D        | Killed a komodo dragon
   366 | D        | Reached XP level 10. HP: 74/104 MP: 9/9
   379 | D        | Killed a death yak
   380 | D        | Reached skill level 20 in Polearms
   385 | D        | Reached skill level 15 in Armour
   398 | D        | Reached skill level 15 in Fighting
   519 | D        | Noticed a seven-headed hydra
   519 | D        | Noticed a cane toad
   520 | D        | Noticed a death yak
   530 | D        | Killed a ten-headed hydra
   532 | D        | Banished a death yak
   533 | D        | Reached skill level 21 in Polearms
   534 | D        | Killed a cane toad
   736 | D        | Reached XP level 11. HP: 114/114 MP: 10/10
   741 | D        | Reached skill level 22 in Polearms
   844 | D        | Noticed Joseph
   850 | D        | Banished Joseph
   915 | D        | Noticed an orc knight
   927 | D        | Killed an orc knight
   946 | D        | Noticed an orc knight
   956 | D        | Killed an orc knight
   962 | D        | Reached skill level 23 in Polearms
   966 | D        | Noticed an orc knight
   967 | D        | HP: 3/117 [orc warrior/+0 mace (22)]
   968 | D        | Noticed an orc high priest
   968 | D        | Slain by an orc warrior

Illustrated notes

Levels and vault maps discovered:
D:        linesprint [early_d, line_temple, items_1, d_10, items_2, lair_1,
          lair_end, items_3, orc_1, orc_end, items_4, d_15, swamp_1, shoals_1,
          snake_1, spider_1, d_20, vaults_1, items_5, swamp_end, shoals_end,
          snake_end, spider_end, vaults_end, d_27, items_6, zot_1, zot_end,
          crypt_end, forest_end, elf_end, slime_end, tomb_end, abyss_end,
          pan_hell_end]

Skill      XL: |  1  2  3  4  5  6  7  8  9 10 11 |
---------------+----------------------------------+-----
Polearms       | 4 6 7 8 13 15 17 19 21 23 | 23.1
Fighting       | 4 5 6 7 10 11 12 14 16 17 | 17.2
Armour         | 4 5 6 7 10 11 12 14 16 17 | 17.2
Shields        | |  3.6

Action                     |  1- 3 |  4- 6 |  7- 9 | 10-12 || total
---------------------------+-------+-------+-------+-------++-------
  Melee: Trident           |    33 |     9 |       |       ||    42
         Headbutt          |     1 |     4 |    10 |    22 ||    37
         Halberd           |       |    11 |    47 |   113 ||   171
   Stab: Distracted        |       |       |       |     1 ||     1
 Armour: Scale mail        |    10 |     1 |       |       ||    11
         Chain mail        |       |     5 |    27 |    40 ||    72
  Dodge: Dodged            |    11 |     7 |    14 |    26 ||    58
  Block: Buckler           |     6 |     3 |       |       ||     9
